 Dungeon Crawl Stone Soup version 0.24.0-41-g2ae2f7f1be (webtiles) character file.

Game seed: 570373051949231670, levelgen mode: deterministic

120 Descartes the Ducker (level 4, -1/22 HPs)
             Began as a Felid Monk on Dec 10, 2019.
             Killed from afar by Ijyb (9 damage)
             ... with a puff of flame
             ... on level 3 of the Dungeon.
             The game lasted 00:09:27 (5786 turns).

Descartes the Ducker (Felid Monk)                   Turns: 5786, Time: 00:09:28

Health: -1/22      AC:  1    Str:  8    XL:     4   Next: 75%
Magic:  4/4        EV: 21    Int: 12    God:
Gold:   145        SH:  0    Dex: 18    Spells: 3/3 levels left
                                        Lives:  0   Deaths: 1

rFire    . . .     SeeInvis +     - Unarmed
rCold    . . .     Gourm    .   (shield unavailable)
rNeg     . . .     Faith    .   (armour unavailable)
rPois    .         Spirit   .   (helmet unavailable)
rElec    .         Reflect  .   (cloak unavailable)
rCorr    .         Harm     .   (gloves unavailable)
MR       .....                  (boots unavailable)
Stlth    +++.......             b - amulet of the acrobat
HPRegen  0.07/turn              (no ring)
MPRegen  0.09/turn              (no ring)

@: quick
A: very small, no armour, no weapons or thrown items, stealth, claws 1, fangs 3,
see invisible, blink, carnivore, speed 1, low mp 1, shaggy fur 1, slow
metabolism 1, MP-powered wands, sharp paws
a: Blink


You were on level 3 of the Dungeon.
You were not hungry.

You visited 1 branch of the dungeon, and saw 3 of its levels.

You collected 145 gold pieces.

Inventory:

Missiles
 e - 166 stones
 f - 82 arrows
Jewellery
 b - an amulet of the acrobat (around neck)
 p - an uncursed amulet of magic regeneration
Scrolls
 c - a scroll of remove curse
 h - a scroll of identify
 k - 2 scrolls of teleportation {unknown}
 l - 2 scrolls of fog {unknown}
 m - a scroll of amnesia {unknown}
 n - a scroll of immolation {unknown}
Potions
 d - a potion of berserk rage
 g - 4 potions of curing
 i - a potion of brilliance
Comestibles
 a - 4 rations


   Skills:
 + Level 3.9 Fighting
 + Level 5.0 Dodging
 + Level 4.4 Stealth
 * Level 4.5 Unarmed Combat


You had 3 spell levels left.
You didn't know any spells.
Your spell library was empty.

Dungeon Overview and Level Annotations

Branches:
Dungeon (3/15)

Altars:

Annotations:
D:3 Ijyb


Innate Abilities, Weirdness & Mutations

You cannot wear armour.
You are incapable of wielding weapons or throwing items.
Your paws allow you to move quietly. (Stealth)
You have sharp claws.
You have razor-sharp teeth.
You have supernaturally acute eyesight. (SInv)
You are carnivorous and can eat meat at any time.
You cover ground quickly.
You are covered in fur. (AC +1)
You have a slow metabolism.
Your sharp claws are effective at attacking unaware monsters.
You can translocate small distances at will.
Your magical capacity is low. (-10% MP)
You expend magic power (3 MP) to strengthen your wands.


Message History

Ijyb is heavily wounded.
Ijyb barely misses you.
You scratch Ijyb. You bite Ijyb.
Ijyb is heavily wounded.
Ijyb barely misses you.
You barely miss Ijyb.
Ijyb is heavily wounded.
Ijyb completely misses you.
You scratch Ijyb but do no damage.
Ijyb is heavily wounded.
You miss Ijyb.
Ijyb is heavily wounded.
Ijyb closely misses you.
You scratch Ijyb.
Ijyb is severely wounded.
Ijyb zaps a wand.
The puff of flame misses you.
You scratch Ijyb.
Ijyb is almost dead.
Ijyb zaps a wand.
The puff of flame hits you!
You die...

###'#...g.# #######.........
##.....g.# #...........##..
#........# ####.##...#.#...
...###........# #...........#.
...#>.........# #.....#.##.###
...##.........######..).....#..#.
...##.......#............).......
......#.#####...รท<.###...........
......#.# #...@).#!#........##.
........#####...g..###.###'#####.
....).......#...<......# #.# ##
..............[#####.### #.#
........##..##.# #.#####.#
.....##........# #.......#
##.#.###...##..# ####.##.#
...............########.##.######
####.#.....#............##.....##


You could see Ijyb.

Vanquished Creatures
  An orc priest (D:2)
  3 gnolls
  3 adders (D:2)
  3 oozes
  A worm (D:1)
  2 dart slugs (D:2)
  4 leopard geckos
  9 orcs
  7 bats
  2 giant cockroaches
  11 goblins
  7 hobgoblins
  2 jackals (D:2)
  A ball python (D:1)
  17 frilled lizards
  8 kobolds
  3 rats
84 creatures vanquished.

Notes
Turn   | Place    | Note
-------+----------+-------------------------------------------
     0 | D:1      | Descartes the Felid Monk began the quest for the Orb.
     0 | D:1      | Reached XP level 1. HP: 10/10 MP: 2/2
   392 | D:1      | Reached XP level 2. HP: 6/14 MP: 3/3
  1003 | D:1      | Reached XP level 3. HP: 17/17 MP: 4/4
  2166 | D:2      | Reached XP level 4. HP: 21/21 MP: 5/5
  2657 | D:2      | Found a faded altar of an unknown god.
  3272 | D:2      | Reached XP level 5. HP: 11/25 MP: 6/6
  4014 | D:3      | Gained mutation: Your magical capacity is low. (-10% MP)
                  | [potion of mutation]
  4014 | D:3      | Gained mutation: You can translocate small distances at
                  | will. [potion of mutation]
  4014 | D:3      | Gained mutation: You expend magic power (3 MP) to
                  | strengthen your wands. [potion of mutation]
  4062 | D:3      | HP: 1/25 [wyvern skeleton (8)]
  4063 | D:3      | Demolished by a wyvern skeleton
  4064 | D:3      | Reached XP level 4. HP: -14/22 MP: 4/4
  4262 | D:3      | HP: 1/22 [gnoll/+0 short sword (3)]
  4874 | D:2      | Reached skill level 5 in Dodging
  5484 | D:3      | Noticed Ijyb
  5786 | D:3      | Killed from afar by Ijyb

Levels and vault maps discovered:
D:1:      grunt_arrival_crossed_arrows, layout_basic, serial_forest,
          infiniplex_forest_lined_2, infiniplex_forest_side_room,
          infiniplex_forest_pool, infiniplex_forest_lined_corner,
          infiniplex_forest_lined_room_2, minmay_lizard_king
D:2:      cheibrodos_pilgrimage, layout_rooms, chequers_ecumenical_altar_simple,
          grunt_decor_arrowhead
D:3:      kennysheep_the_goblin_king, layout_basic, serial_glass,
          glass_columns_a, glass_columns_a, item_on_display_a,
          minmay_strange_pillars, minmay_strange_pillars

Skill      XL: |  1  2  3  4 |
---------------+-------------+-----
Stealth        | 3 4 |  4.4
Unarmed Combat | 4 |  4.5
Dodging        | 5 |  5.0
Fighting       | |  3.9

Action                   |  1- 3 |  4- 6 || total
-------------------------+-------+-------++-------
Melee: Unarmed           |   110 |   185 ||   295
       Bite              |     6 |    14 ||    20
       Punch             |     2 |     5 ||     7
  Use: Scroll            |       |     5 ||     5
       Potion            |       |     1 ||     1
 Stab: Sleeping          |     9 |     7 ||    16
       Distracted        |       |     1 ||     1
  Eat: Chunk             |     9 |     8 ||    17
Armor: Skin              |     5 |     7 ||    12
Dodge: Dodged            |    93 |   173 ||   266
